 Dungeon Crawl Stone Soup version 0.29.1-13-g9f3cf754e1 (webtiles) character file.

Game seed: 9812823617230435108

266 wolfrpgdude the Trooper (level 6, -1/56 HPs)
             Began as a Minotaur Fighter on Feb 10, 2023.
             Slain by Crazy Yiuf
             ... wielding a +3 quarterstaff of chaos
              (6 damage)
             ... on level 3 of the Dungeon.
             The game lasted 00:06:08 (2998 turns).

wolfrpgdude the Trooper (Minotaur Fighter)          Turns: 2998, Time: 00:06:08

Health: -1/56      AC:  8    Str: 23    XL:     6   Next: 0%
Magic:  3/5        EV:  9    Int:  5    God:
Gold:   174        SH:  8    Dex:  9    Spells: 5/5 levels left

rFire   . . .      SeeInvis .   i - +2 short sword (elec)
rCold   . . .      Faith    .   c - +0 buckler
rNeg    + . .      Spirit   .   b - +0 scale mail
rPois   .          Reflect  .   (helmet restricted)
rElec   .          Harm     .   r - +0 cloak
rCorr   .          Rampage  .   (no gloves)
Will    .....                   (no boots)
Stlth   ..........              (no amulet)
HPRegen 0.98/turn               h - ring of flight
MPRegen 0.09/turn               o - ring of positive energy

@: flying
A: horns 2, retaliatory headbutt, large bone plates 1, regeneration 1
a: no special abilities


You were on level 3 of the Dungeon.
You visited 1 branch of the dungeon, and saw 3 of its levels.

You collected 174 gold pieces.

Inventory:

Hand Weapons
 a - a +1 long sword
 i - a +2 short sword of electrocution (weapon)
Armour
 b - a +0 scale mail (worn)
 c - a +0 buckler (worn)
 k - an orb of wrath
 r - a +0 cloak (worn)
Jewellery
 h - a ring of flight (left hand)
 o - a ring of positive energy (right hand)
Scrolls
 e - a scroll of enchant armour {unknown}
 f - 3 scrolls of identify
Potions
 d - 3 potions of might
 j - a potion of flight
 q - a potion of lignification
 s - a potion of brilliance {unknown}


   Skills:
 + Level 5.1 Fighting
 + Level 4.3 Long Blades
 + Level 5.0 Armour
 + Level 5.0 Shields


You had 5 spell levels left.
You didn't know any spells.
Your spell library was empty.

Dungeon Overview and Level Annotations

Branches:
Dungeon (3/15)

Altars:
Cheibriados
Qazlal

Shops:
D:1 (

Annotations:
D:3 2 transporters, Crazy Yiuf


Innate Abilities, Weirdness & Mutations

You have a pair of horns on your head.
You reflexively headbutt those who attack you in melee.
You are partially covered in large bone plates. (SH +4)
Your natural rate of healing is unusually fast.


Message History

* * * LOW HITPOINT WARNING * * *
You feel sick.
It was a potion of flight.
Your roots keep you in place.
You feel sick. You block Crazy Yiuf's attack.
It was a potion of mutation.
You feel extremely strange.
Large bone plates grow over parts of your arms.
You begin to heal more quickly.
You feel sick. Crazy Yiuf hits you but does no damage.
You feel yourself speed up.
It was a potion of haste.
You feel as though your hastened speed will last longer.
It was a potion of curing.
You feel better.
Crazy Yiuf hits you with a +3 quarterstaff of chaos.
* * * LOW HITPOINT WARNING * * *
You barely miss Crazy Yiuf.
Crazy Yiuf is moderately wounded.
Crazy Yiuf completely misses you.
You hit Crazy Yiuf.
Crazy Yiuf is heavily wounded.
You completely miss Crazy Yiuf.
Crazy Yiuf is heavily wounded.
You flicker back into view.
You block Crazy Yiuf's attack.
You hit Crazy Yiuf.
Crazy Yiuf is severely wounded.
Crazy Yiuf cries, "You leg down broken song, no?"
Crazy Yiuf hits you with a +3 quarterstaff of chaos!
* * * LOW HITPOINT WARNING * * *
Crazy Yiuf burns you.
* * * LOW HITPOINT WARNING * * *
It was a potion of cancellation.
Your magical effects are unravelling.
You feel magically purged.
You feel less wooden.
Your +0 cloak unmelds from your body.
Your +0 scale mail unmelds from your body.
You feel yourself slow down.
Crazy Yiuf yells, "Two poople Xom!"
Crazy Yiuf hits you with a +3 quarterstaff of chaos.
You die...

########
##....#g### ###
###....#@#.g##...#
#.......####.'...#
#.#....## ###..)#
#.###### ###
######.###
#........#
#......(.##
#...>..<..# #####
#.........#
#######.[.##


You could see Crazy Yiuf.

Vanquished Creatures
  Sigmund (D:3)
  5 adders
  A worm (D:3)
  A dart slug (D:1)
  3 bats
  10 endoplasms
  5 giant cockroaches
  5 goblins
  2 hobgoblins (D:2)
  2 jackals (D:2)
  2 quokkas
  5 ball pythons
  3 frilled lizards
  12 kobolds
  6 rats (D:1)
63 creatures vanquished.

Notes
Turn   | Place    | Note
-------+----------+-------------------------------------------
     0 | D:1      | wolfrpgdude the Minotaur Fighter began the quest for the
                  | Orb.
     0 | D:1      | Reached XP level 1. HP: 19/19 MP: 0/0
   157 | D:1      | Reached XP level 2. HP: 26/27 MP: 1/1
   544 | D:1      | Found Huxkomuy's Weapon Shoppe.
  1033 | D:1      | Reached XP level 3. HP: 28/33 MP: 2/2
  1916 | D:2      | Reached XP level 4. HP: 40/41 MP: 3/3
  2571 | D:3      | Found a transporter.
  2580 | D:3      | Noticed an ogre
  2581 | D:3      | Found a transporter.
  2581 | D:3      | Noticed a kobold brigand
  2594 | D:3      | Found a stormy altar of Qazlal.
  2594 | D:3      | Found a snail-covered altar of Cheibriados.
  2617 | D:3      | Noticed Sigmund
  2635 | D:3      | Killed Sigmund
  2636 | D:3      | Reached skill level 5 in Fighting
  2636 | D:3      | Reached skill level 5 in Armour
  2636 | D:3      | Reached skill level 5 in Shields
  2636 | D:3      | Reached XP level 5. HP: 39/48 MP: 4/4
  2949 | D:3      | Reached XP level 6. HP: 56/56 MP: 5/5
  2972 | D:3      | Found a runed translucent door.
  2973 | D:3      | Noticed Crazy Yiuf
  2991 | D:3      | Gained mutation: You are partially covered in large bone
                  | plates. (SH +4) [potion of mutation]
  2991 | D:3      | Gained mutation: Your natural rate of healing is unusually
                  | fast. [potion of mutation]
  2998 | D:3      | Slain by Crazy Yiuf

Illustrated notes

Levels and vault maps discovered:
D:1:      dpeg_arrival_ratfight, layout_basic, serial_shops,
          nicolae_shop_behind_doors
D:2:      layout_basic, corner_web_ring, nicolae_concentric_dashed_squares_wild
D:3:      layout_rooms, gammafunk_temple_overflow_arena, uniq_sigmund,
          uniq_crazy_yiuf_cottage

Skill      XL: |  1  2  3  4 |
---------------+-------------+-----
Armour         | 4 5 |  5.0
Fighting       | 4 5 |  5.1
Shields        | 4 5 |  5.0
Long Blades    | 3 4 |  4.3

Action                   |  1- 3 |  4- 6 || total
-------------------------+-------+-------++-------
Melee: Long sword        |    73 |       ||    73
       Headbutt          |    15 |    11 ||    26
       Short sword       |    17 |    80 ||    97
  Use: Scroll            |     3 |     7 ||    10
       Potion            |       |     6 ||     6
 Stab: Invisible         |       |     1 ||     1
Armor: Scale mail        |    32 |    32 ||    64
       Skin              |       |     1 ||     1
Dodge: Dodged            |    32 |    25 ||    57
Block: Buckler           |    17 |    15 ||    32
